 Dungeon Crawl Stone Soup version 0.31-a0-1338-gb567cfdca4 (webtiles) character file.

Game seed: 6003734866260644553

179 Sonofthefire the Changeling (level 5, -6/33 HPs)
             Began as an Octopode Shapeshifter on Dec 21, 2023.
             Mangled by a gnoll
             ... wielding a +0 spear
              (7 damage)
             ... on level 4 of the Dungeon.
             The game lasted 00:02:30 (3365 turns).

Sonofthefire the Changeling (Octopode Shapeshifter) Turns: 3365, Time: 00:02:30

Health: -6/33      AC:  1    Str: 15    XL:     5   Next: 59%
Magic:  5/5        EV: 13    Int: 13    God:
Gold:   219        SH:  0    Dex: 11    Spells: 4/4 levels left

rFire   . .          .
                       - Unarmed
rCold   . . .        (no shield)
rNeg    . . .        (helmet currently unavailable)
rPois   .            (no amulet)
rElec   .            (no ring)
rCorr   .            (no ring)
SInv    .            (no ring)
Will    .....        (no ring)
Stlth   ++           (no ring)
HPRegen 0.25/turn    (no ring)
MPRegen 0.09/turn    (no ring)
                     (no ring)

%: no passive effects
@: beast-form
A: beast (slay +3), almost no armour, amphibious, 8 rings, camouflage 1,
gelatinous body 1, (nimble swimmer 1), tentacles
a: Begin Untransformation


You were on level 4 of the Dungeon.
You were a hulking beast.
You visited 1 branch of the dungeon, and saw 4 of its levels.

You collected 219 gold pieces.

Inventory:

Missiles
 h - 2 throwing nets
Talismans
 b - a beast talisman
 c - a flux talisman
Wands
 p - a wand of flame (27)
 r - a wand of mindburst (20)
Scrolls
 d - 2 scrolls of silence {unknown}
 f - 2 scrolls of immolation
 g - a scroll of teleportation {unknown}
 i - 2 scrolls of fear {unknown}
 l - 2 scrolls of identify {unknown}
 m - a scroll of enchant weapon {unknown}
 o - a scroll of acquirement {unknown}
 q - a scroll of poison {unknown}
Potions
 a - a potion of lignification
 e - 4 potions of ambrosia {unknown}
 j - a potion of haste {unknown}
 k - a potion of mutation {unknown}
 n - a potion of curing {unknown}


   Skills:
 - Level 1.0 Fighting
 - Level 2.0 Dodging
 - Level 3.0 Unarmed Combat
 + Level 5.7 Shapeshifting


You had 4 spell levels left.
You didn't know any spells.
Your spell library contained the following spells:

 Spells                   Type           Power      Damage    Failure   Level
 Blink                    Tloc           0%         N/A       43%         2
 Lesser Beckoning         Tloc           0%         N/A       43%         2
 Momentum Strike          Conj/Tloc      0%         3d8       43%         2


Dungeon Overview and Level Annotations

Branches:
Dungeon (4/15)
 Temple: D:4-7

Altars:
Vehumet

Shops:
D:2 =

Annotations:
D:1 1 transporter
D:3 1 runed translucent door, holymoly's ghost, amateur HOMo


Innate Abilities, Weirdness & Mutations

You are a hulking beast.
Your limbs bulge with bestial killing power. (Slay +3)
You cannot wear most types of armour.
You are amphibious.
You can wear up to eight rings at the same time.
Your skin changes colour to match your surroundings (Stealth+).
Your rubbery body absorbs attacks. (AC +1, EV +1)
((You are camouflaged when in or above water. (Stealth+)))
You have tentacles for arms and can constrict up to eight enemies at once.


Message History

The gnoll shouts!
Your grab misses the gnoll. You squeeze the gnoll.
The gnoll is moderately wounded.
The gnoll barely misses you. The gnoll closely misses you.
You tentacle-slap the gnoll. Your grab misses the gnoll.
The gnoll is severely wounded.
The gnoll hits you from afar with a +0 spear.
The gnoll hits you with a +0 spear.
You are too injured to fight recklessly!
You are too injured to fight recklessly!
You are too injured to fight recklessly!
You are too injured to fight recklessly!
There are monsters nearby!
There are monsters nearby!
You tentacle-slap the gnoll. You grab the gnoll.
The gnoll is severely wounded.
You constrict the gnoll. The gnoll hits you with a +0 spear.
The gnoll hits you from afar with a +0 spear.
You tentacle-slap the gnoll but do no damage.
You squeeze the gnoll.
You kill the gnoll!
The gnoll hits you but does no damage.
The gnoll hits you from afar with a +0 spear.
The gnoll hits you with a +0 spear!
* * * LOW HITPOINT WARNING * * *
Things that are here:
a +0 spear; a gnoll corpse You barely miss the gnoll.
You grab the gnoll. You constrict the gnoll. The gnoll barely misses you.
The gnoll hits you from afar with a +0 spear.
* * * LOW HITPOINT WARNING * * *
You tentacle-slap the gnoll but do no damage.
You squeeze the gnoll.
The gnoll is moderately wounded.
You constrict the gnoll. The gnoll hits you with a +0 spear!
* * * LOW HITPOINT WARNING * * *
The gnoll closely misses you.
You release your grip on the gnoll.
The gnoll hits you from afar with a +0 spear!
You die...

#.#............#
##...###########
##.## #...
##.#######.....
#..........#.##
#..########
###########..#
....ggg).##..#
########h##..#
#.##..# #.##..#
#.##..#
#.##..########
#.#.##......(..#
##
#.......#####.#
.. #.#..###.#
#.# #. ......#
#.# #.# #.


You could see 3 gnolls.

Vanquished Creatures
  A jelly (D:3)
  A hound (D:4)
  A gnoll (D:4)
  3 adders
  2 worms
  3 orcs (D:3)
  4 bats
  7 endoplasms
  3 giant cockroaches
  2 goblins
  8 hobgoblins
  4 jackals (D:2)
  8 ball pythons
  4 frilled lizards
  7 kobolds
58 creatures vanquished.

Notes
Turn   | Place    | Note
-------+----------+-------------------------------------------
     0 | D:1      | Sonofthefire the Octopode Shapeshifter began the quest for
                  | the Orb.
     0 | D:1      | Reached XP level 1. HP: 13/13 MP: 1/1
   181 | D:1      | Reached XP level 2. HP: 16/18 MP: 2/2
   870 | D:2      | Reached skill level 4 in Shapeshifting
   870 | D:2      | Reached XP level 3. HP: 23/23 MP: 3/3
  1173 | D:2      | Found Ryqipsu's Jewellery Emporium.
  1599 | D:2      | Reached XP level 4. HP: 28/28 MP: 4/4
  2039 | D:2      | Identified the +0 ring mail of Daxziteth {Rampage rElec
                  | rPois Str-4}
  2297 | D:3      | Found a runed translucent door.
  2297 | D:3      | Noticed holymoly's ghost (amateur HOMo)
  2299 | D:3      | Noticed a black bear
  2310 | D:3      | Reached skill level 5 in Shapeshifting
  2512 | D:4      | Reached XP level 5. HP: 32/33 MP: 5/5
  3202 | D:4      | Found a radiant altar of Vehumet.
  3364 | D:4      | HP: 1/33 [gnoll/+0 spear (7)]
  3365 | D:4      | Mangled by a gnoll

Illustrated notes

Levels and vault maps discovered:
D:1:      spicycebolla_arrival_risky_transporter, layout_loops_ring
D:2:      layout_basic, serial_shops, shop, minmay_misc_feat_five
D:3:      layout_basic, ebering_ghost_inner_flame
D:4:      layout_loops_ring, vehumet_altar_wand_db, uniq_natasha

Skill      XL: |  1  2  3  4 |
---------------+-------------+-----
Shapeshifting  | 4 5 |  5.7
Fighting       | |  1.0
Dodging        | |  2.0
Unarmed Combat | |  3.0

Action                     |  1- 3 |  4- 6 || total
---------------------------+-------+-------++-------
  Melee: Unarmed           |    62 |    49 ||   111
         Constrict         |    16 |     8 ||    24
         Tentacles         |     7 |    12 ||    19
         Punch             |     2 |     2 ||     4
   Stab: Sleeping          |     5 |     8 ||    13
 Armour: Skin              |    22 |    25 ||    47
  Dodge: Dodged            |    48 |    22 ||    70

Table legend: (Time is in decaauts)
 A = Elapsed time spent in this place.
 B = Non-inter-level travel time spent in this place.
 C = Inter-level travel time spent in this place.
 D = Time resting spent in this place.
 E = Time spent auto-exploring this place.
 F = Levels seen in this place.
 G = Mean time per level.
                   A        B        C        D        E       F      G
               +--------+--------+--------+--------+--------+-----+--------+
         Total |   3358 |   3205 |    153 |    911 |   1902 |   4 |  839.5 |
       Dungeon |   3358 |   3205 |    153 |    911 |   1902 |   4 |  839.5 |
               +--------+--------+--------+--------+--------+-----+--------+

Top non-repeatable levels by time:
     D:2: 1290 daAuts
     D:3: 924 daAuts
     D:1: 864 daAuts
     D:4: 278 daAuts
